 Dungeon Crawl Stone Soup version 0.24-a0-368-g0e0cebd0f3 (webtiles) character file.

Game seed: 12822348040777230307

2629 kidcy the Spear-Bearer (level 9, -5/72 HPs)
             Began as a Merfolk Gladiator on May 28, 2019.
             Was a Believer of Ru.
             Slain by an elephant (10 damage)
             ... on level 8 of the Dungeon.
             The game lasted 00:20:27 (9447 turns).

kidcy the Spear-Bearer (Merfolk Gladiator)          Turns: 9447, Time: 00:20:27

Health: -5/72      AC:  8    Str: 15      XL:     9   Next: 61%
Magic:  9/9        EV: 14    Int:  8 (9)  God:    Ru [**....]
Gold:   460        SH:  0    Dex: 16      Spells: 8/8 levels left

rFire    + . .     SeeInvis +   a - +1 trident
rCold    . . .     Gourm    .   (no shield)
rNeg     . . .     Faith    .   v - +0 ring mail
rPois    .         Spirit   .   (helmet restricted)
rElec    .         Reflect  .   r - +0 cloak
rCorr    .         Harm     .   (no gloves)
MR       .....                  g - +0 pair of boots
Stlth    +.........             (no amulet)
HPRegen  0.22/turn              o - ring of flight
MPRegen  0.11/turn              n - ring of protection from fire

@: no status effects
A: change form in water, swift swim, stealthy swim, antennae 1, see invisible,
deterioration 1, hated by all, disrupted magic 1
a: Renounce Religion, Evoke Flight


You were on level 8 of the Dungeon.
You worshipped Ru.
Ru was pleased with you.
You were not hungry.

You visited 1 branch of the dungeon, and saw 9 of its levels.

You collected 460 gold pieces.

Inventory:

Hand Weapons
 a - a +1 trident (weapon)
Missiles
 d - 3 throwing nets (quivered)
Armour
 c - a +0 helmet
 g - a +0 pair of boots (worn)
 i - a +0 chain mail
 r - a +0 cloak (worn)
 s - a scarf of cloud immunity
 v - a +0 ring mail (worn)
Jewellery
 l - an uncursed ring of magical power
 n - a ring of protection from fire (right hand)
 o - a ring of flight (left hand)
Wands
 h - a wand of iceblast (12)
 j - a wand of flame (23)
 t - a wand of paralysis (5)
 w - a wand of polymorph (12)
Scrolls
 e - 8 scrolls of identify
 k - 4 scrolls of remove curse
 p - a scroll of random uselessness {unknown}
 u - 3 scrolls of noise {unknown}
Potions
 b - a potion of flight
 m - a potion of brilliance
 q - a potion of invisibility {unknown}
Comestibles
 f - 12 rations


   Skills:
 + Level 7.3 Fighting
 * Level 13.1 Polearms
 - Level 2.0 Throwing
 + Level 3.9 Armour
 - Level 6.0 Dodging


You had 8 spell levels left.
You didn't know any spells.
Your spell library was empty.

Dungeon Overview and Level Annotations

Branches:
Dungeon (9/15)             Temple (0/1) D:7            Lair (0/6) D:8
    Orc: D:9-12

Altars:
Dithmenos
Elyvilon
Gozag
Hepliaklqana
Nemelex Xobeh
Ru
Vehumet
Wu Jian

Annotations:
D:8 Harold, Prince Ribbit
D:9 Grum


Innate Abilities, Weirdness & Mutations

You revert to your normal form in water You are very nimble and swift while swimming.
You are very stealthy in the water. (Stealth+)
You are hated by all.
Your casting is slightly disrupted.
You have a pair of small antennae on your head.
You have supernaturally acute eyesight. (SInv)
Your body sometimes deteriorates upon taking damage.


Message History

* * * LOW HITPOINT WARNING * * *
The jackal barks!
You hit the elephant.
The elephant is almost dead.
You hit the elephant.
The elephant is almost dead.
The elephant tramples you!
* * * LOW HITPOINT WARNING * * *
Your body deteriorates!
You feel dopey.
You stumble backwards!
The jackal pauses to sniff the ground.
You hit the elephant.
The elephant is almost dead.
The elephant tramples you!
* * * LOW HITPOINT WARNING * * *
You stumble backwards!
You hit the elephant but do no damage.
The elephant is almost dead.
The elephant tramples you!
You die...

########### ..........#
.########.##### #.........#
#.###.###.#############
########.# #.# #.##.........>.
#........# #.###.##.##########
#.#####..###.............<....
#.....h.).Y@....############
#..##.....Y.##..# #
#..##..####.##.=# #
..P.....##..# #.##..# #
Y...........# #.##.<# #######
...P....###.####.##..#
#........ .....##.#
#..........# #.####### ....#
#.# #####(####.# #.# # ..##
#.# #......# #.# #


You could see an elephant, a yak and a jackal.

Vanquished Creatures
  Duvessa (D:5)
  A water moccasin (D:8)
  2 ice beasts
  6 phantoms
  2 ogres
  3 centaurs
  A big kobold (D:6)
  A bullfrog (D:6)
  Dowan (D:5)
  A scorpion (D:9)
  2 howler monkeys (D:6)
  A crimson imp (D:5)
  A quasit (D:7)
  3 bullfrog skeletons
  4 orc priests
  2 hounds
  7 orc wizards
  A centaur skeleton (D:6)
  3 iguanas
  4 worker ants
  A hound skeleton (D:7)
  A worker ant zombie (D:6)
  7 gnolls (D:4)
  6 adders
  2 shadow imps
  3 worms (D:2)
  4 dart slugs
  4 leopard geckos
  15 orcs
  A ball python (D:2)
  3 giant cockroaches
  6 goblins
  6 hobgoblins
  9 jackals
  5 quokkas
  10 bats
  6 frilled lizards
  A giant cockroach zombie (D:5)
  10 kobolds
  A quokka zombie (D:6)
  2 rats
150 creatures vanquished.

Vanquished Creatures (others)
  2 fungi (D:8)
  5 plants (D:4)
7 creatures vanquished.

Grand Total: 157 creatures vanquished

Notes
Turn   | Place    | Note
-------+----------+-------------------------------------------
     0 | D:1      | kidcy the Merfolk Gladiator began the quest for the Orb.
     0 | D:1      | Reached XP level 1. HP: 16/16 MP: 1/1
   182 | D:1      | Reached XP level 2. HP: 15/23 MP: 2/2
   298 | D:1      | Reached skill level 5 in Polearms
   452 | D:1      | Reached XP level 3. HP: 28/28 MP: 3/3
  1457 | D:2      | Reached XP level 4. HP: 30/35 MP: 4/4
  1476 | D:2      | Reached skill level 6 in Polearms
  2107 | D:3      | Found a radiant altar of Vehumet.
  2230 | D:3      | Reached skill level 5 in Dodging
  2230 | D:3      | Reached XP level 5. HP: 17/41 MP: 5/5
  2695 | D:4      | Reached skill level 7 in Polearms
  2762 | D:4      | Noticed an ogre
  2857 | D:3      | Reached XP level 6. HP: 38/48 MP: 6/6
  3918 | D:4      | Noticed a phantom
  3979 | D:4      | Killed a phantom
  3979 | D:4      | Reached skill level 8 in Polearms
  3990 | D:4      | Reached XP level 7. HP: 43/55 MP: 7/7
  4353 | D:5      | Entered Level 5 of the Dungeon
  4529 | D:5      | Found an ornate altar of the Wu Jian Council.
  4581 | D:5      | Found a sacrificial altar of Ru.
  4589 | D:5      | Became a worshipper of Ru the Awakened
  4631 | D:5      | Reached skill level 9 in Polearms
  4708 | D:5      | Reached skill level 1 in Armour
  4830 | D:5      | Reached skill level 5 in Fighting
  4973 | D:5      | Found a shadowy altar of Dithmenos.
  4990 | D:5      | Got a translucent great sword
  4991 | D:5      | Identified the +8 great sword "Huurheing" {freeze, Int+6}
                  | (You found it on level 5 of the Dungeon)
  5134 | D:5      | Noticed Duvessa
  5134 | D:5      | Noticed Dowan
  5167 | D:5      | Killed Duvessa
  5167 | D:5      | Reached XP level 8. HP: 37/62 MP: 8/8
  5196 | D:5      | Reached skill level 10 in Polearms
  5207 | D:5      | Killed Dowan
  5552 | D:5      | Gained mutation: Your skin changes colour to match your
                  | surroundings (Stealth+). [potion of mutation]
  5552 | D:5      | Gained mutation: You are partially covered in yellow
                  | scales. (AC +2) [potion of mutation]
  5552 | D:5      | Gained mutation: You have a pair of small antennae on your
                  | head. [potion of mutation]
  5552 | D:5      | Gained mutation: You are agile. (Dex +2) [potion of
                  | mutation]
  5830 | D:5      | Found a white marble altar of Elyvilon.
  5901 | D:5      | Found a hazy altar of Hepliaklqana.
  5981 | D:6      | You fall into a shaft and drop 3 floors!
  6019 | D:9      | Noticed Grum
  6046 | D:8      | Noticed Prince Ribbit
  6047 | D:8      | Noticed Prince Ribbit
  6047 | D:8      | Prince Ribbit changed into Prince Ribbit the crocodile
  6067 | D:8      | Reached skill level 11 in Polearms
  6074 | D:8      | HP: 3/64 [poisoned by a water moccasin]
  6076 | D:7      | HP: 1/64 [poisoned by a water moccasin]
  6539 | D:7      | Lost mutation: You are agile. (Dex +2) [potion of mutation]
  6539 | D:7      | Lost mutation: Your skin changes colour to match your
                  | surroundings (Stealth+). [potion of mutation]
  6539 | D:7      | Lost mutation: You are partially covered in yellow scales.
                  | (AC +2) [potion of mutation]
  6539 | D:7      | Gained mutation: You are frail. (-10% HP) [potion of
                  | mutation]
  6539 | D:7      | Gained mutation: You have a pair of antennae on your head.
                  | [potion of mutation]
  6539 | D:7      | Gained mutation: You expend magic power (3 MP) to
                  | strengthen your wands. [potion of mutation]
  6540 | D:7      | Gained mutation: You are hated by all. [Ru sacrifice]
  6540 | D:7      | Reached * piety under Ru
  7041 | D:6      | Reached XP level 9. HP: 26/63 MP: 9/9
  7272 | D:6      | Found a radiant altar of Vehumet.
  7339 | D:6      | Reached skill level 12 in Polearms
  7878 | D:6      | Lost mutation: You expend magic power (3 MP) to strengthen
                  | your wands. [potion of mutation]
  7878 | D:6      | Lost mutation: You have a pair of antennae on your head.
                  | [potion of mutation]
  7878 | D:6      | Lost mutation: You are frail. (-10% HP) [potion of
                  | mutation]
  7878 | D:6      | Gained mutation: Your body sometimes deteriorates upon
                  | taking damage. [potion of mutation]
  7878 | D:6      | Gained mutation: You have supernaturally acute eyesight.
                  | (SInv) [potion of mutation]
  8010 | D:7      | Found a sparkling altar of Nemelex Xobeh.
  8416 | D:7      | Found a staircase to the Ecumenical Temple.
  8486 | D:7      | Found an opulent altar of Gozag.
  9095 | D:8      | Found a staircase to the Lair.
  9095 | D:8      | Noticed an elephant
  9124 | D:8      | Gained mutation: Your casting is slightly disrupted. [Ru
                  | sacrifice]
  9124 | D:8      | Reached ** piety under Ru
  9201 | D:8      | Noticed Harold
  9339 | D:8      | Reached skill level 13 in Polearms
  9447 | D:8      | Slain by an elephant

Levels and vault maps discovered:
D:1:      evilmike_arrival_rings, layout_loops_ring, st_stairs_11
D:2:      layout_basic, first_ration
D:3:      layout_loops_cross, lemuel_statue_altar
D:4:      layout_loops_ring, serial_bayou, serial_bayou_lagoon_a,
          serial_bayou_pond_d, serial_bayou_ford_a, serial_bayou_shore_a
D:5:      layout_basic, overflow_temple_1_default,
          amethyst_overflow_temple_binary, lemuel_crystal_altar,
          nicolae_ossuary_entry_ruins, basic_altar, uniq_duvessa
D:6:      layout_loops_cross, lemuel_tele_altar
D:7:      kennysheep_big_flooded_room, layout_layer_cave, marbit_many_paths,
          minmay_temple_entry_junction, nemelex_diamond_rough_becter
D:8:      layout_loops_ring, kennysheep_mini_moat, david_lair_generic,
          corexii_hall_statues_x, uniq_harold, uniq_prince_ribbit1
D:9:      layout_basic, zombieorc1_lemuel, basic_altar, grunt_livestock,
          uniq_grum, uniq_gastronok

Skill      XL: |  1  2  3  4  5  6  7  8  9 |
---------------+----------------------------+-----
Polearms       | 5 6 7 8 9 11 13 | 13.1
Fighting       | 3 4 5 6 7 |  7.3
Dodging        | 5 6 |  6.0
Armour         | 1 3 |  3.9
Throwing       | |  2.0

Action                   |  1- 3 |  4- 6 |  7- 9 || total
-------------------------+-------+-------+-------++-------
Melee: Trident           |   123 |   151 |   483 ||   757
       Whip              |       |    44 |       ||    44
Invok: Sacrifice Love    |       |       |     1 ||     1
       Sacrifice Essence |       |       |     1 ||     1
Evoke: Wand              |       |       |     1 ||     1
  Use: Scroll            |       |       |    10 ||    10
       Potion            |       |       |    12 ||    12
 Stab: Sleeping          |     7 |     1 |       ||     8
       Distracted        |       |       |     1 ||     1
  Eat: Chunk             |     2 |     3 |     4 ||     9
       Ration            |       |     2 |     4 ||     6
Armor: Leather armour    |    10 |    38 |     2 ||    50
       Chain mail        |       |       |   157 ||   157
       Skin              |       |       |     2 ||     2
       Ring mail         |       |       |    39 ||    39
Dodge: Dodged            |    62 |   152 |   193 ||   407

Table legend:
 A = Non-vault XP
 B = Vault XP
 C = Vault XP percentage of total XP
 D = Non-vault monster count
 E = Vault monster count
 F = Vault count percentage of total count
                 A         B        C        D         E       F
            +---------+---------+-------+---------+---------+-------
      Total |    3450 |     307 |   8.2 |     142 |       8 |   5.3
            +---------+---------+-------+---------+---------+-------
        D:1 |      38 |       7 |  15.6 |      20 |       3 |  13.0
        D:2 |      52 |       0 |   0.0 |      19 |       0 |   0.0
        D:3 |     202 |       0 |   0.0 |      15 |       0 |   0.0
        D:4 |     341 |       0 |   0.0 |      18 |       0 |   0.0
        D:5 |     728 |     235 |  24.4 |      23 |       2 |   8.0
        D:6 |    1014 |       0 |   0.0 |      28 |       0 |   0.0
        D:7 |     412 |      65 |  13.6 |      10 |       3 |  23.1
        D:8 |     417 |       0 |   0.0 |       5 |       0 |   0.0
        D:9 |     246 |       0 |   0.0 |       4 |       0 |   0.0
            +---------+---------+-------+---------+---------+-------
